 Dungeon Crawl Stone Soup version 0.24.0-123-gd5b16e6ec5 (webtiles) character file.

Game seed: 10715033065612850545, levelgen mode: deterministic

21943 Johnny the Geomancer (level 12, 0/81 HPs)
             Began as a Demigod Earth Elementalist on Feb 2, 2020.
             Slain by a two-headed ogre
             ... wielding a +0 giant club
              (20 damage)
             ... on level 12 of the Dungeon.
             The game lasted 00:22:44 (14950 turns).

Johnny the Geomancer (Demigod Earth Elementalist)  Turns: 14950, Time: 00:22:45

Health: 0/81       AC: 18    Str: 11    XL:     12   Next: 27%
Magic:  24/31      EV: 11    Int: 31    God:
Gold:   568        SH:  7    Dex: 16    Spells: 19/32 levels left

rFire    + . .     SeeInvis .   k - +2 demon whip (elec)
rCold    + . .     Gourm    .   i - +0 buckler
rNeg     + . .     Faith    .   L - +4 ring mail "Uddidat" {rC+ rN+ rCorr}
rPois    +         Spirit   .   (no helmet)
rElec    .         Reflect  .   K - +2 cloak {rPois}
rCorr    +         Harm     .   z - +0 pair of gloves
MR       +....                  E - +4 pair of boots "Roevi" {rF+ Slay+3}
Stlth    +.........             (no amulet)
HPRegen  0.23/turn              l - +4 ring of intelligence
MPRegen  0.22/turn              D - ring of flight

@: no status effects
A: high mp 1
a: Evoke Flight


You were on level 12 of the Dungeon.
You were not hungry.

You visited 1 branch of the dungeon, and saw 12 of its levels.
You also visited: Ice Cave.

You collected 747 gold pieces.
You spent 179 gold pieces at shops.

Inventory:

Hand Weapons
 k - a +2 demon whip of electrocution (weapon)
 F - a +2 dagger of venom
Missiles
 b - 50 stones (quivered)
Armour
 i - a +0 buckler (worn)
 z - a +0 pair of gloves (worn)
 C - a +0 shield
 E - the +4 pair of boots "Roevi" (worn) {rF+ Slay+3}
   (You found it in an ice cave)

   It affects your accuracy and damage with ranged weapons and melee attacks
   (+3).
   It protects you from fire.
 K - a +2 cloak of poison resistance (worn)
 L - the +4 ring mail "Uddidat" (worn) {rC+ rN+ rCorr}
   (You found it in an ice cave)

   It protects you from cold.
   It protects you from negative energy.
   It provides partial protection from all sources of acid and corrosion.
Jewellery
 l - a +4 ring of intelligence (left hand)
 D - a ring of flight (right hand)
Wands
 e - a wand of iceblast (7)
 j - a wand of flame (70)
 m - a wand of clouds (4)
 q - a wand of digging (14)
 t - a wand of acid (7)
 H - a wand of disintegration (18)
Scrolls
 a - 6 scrolls of remove curse
 c - a scroll of immolation {unknown}
 f - 7 scrolls of amnesia
 p - 3 scrolls of blinking
 u - a scroll of summoning {unknown}
 v - a scroll of fog
 w - a scroll of magic mapping
 y - a scroll of enchant armour
 B - 2 scrolls of teleportation
 M - a scroll of silence {unknown}
Potions
 g - 2 potions of agility
 h - 5 potions of curing
 n - a potion of heal wounds
 o - a potion of degeneration
 r - 2 potions of magic
 s - a potion of flight {unknown}
 x - 4 potions of haste
 A - a potion of might
 G - a potion of invisibility
 J - a potion of cancellation
 N - a potion of lignification
Comestibles
 d - 33 rations
 I - 3 chunks of flesh


   Skills:
 - Level 1.7 Dodging
 - Level 1.7 Stealth
 + Level 11.0 Shields
 + Level 10.6 Spellcasting
 - Level 0.8 Transmutations
 + Level 11.6 Earth Magic


You had 19 spell levels left.
You knew the following spells:

 Your Spells              Type           Power        Failure   Level  Hunger
a - Sandblast             Erth           ######       1%          1    None
b - Stone Arrow           Conj/Erth      ######       1%          3    None
c - Lee's Rapid Deconstr  Erth           ######....   1%          5    ###....
d - Petrify               Tmut/Erth      ######..     5%          4    None

Your spell library contained the following spells:

 Spells                   Type           Power        Failure   Level  Hunger
 Passwall                 Tmut/Erth      ######..     1%          2    None
 Beastly Appendage        Tmut           ###...       5%          1    None
 Flame Tongue             Conj/Fire      ###..        8%          1    None
 Sticks to Snakes         Tmut           ###.....     8%          2    None
 Throw Flame              Conj/Fire      ###...       12%         2    None
 Spider Form              Tmut/Pois      ###.......   19%         3    None
 Conjure Flame            Conj/Fire      ###.....     22%         3    None
 Inner Flame              Hex/Fire       ###.....     22%         3    None
 Ice Form                 Ice/Tmut       ###.....     52%         4    None
 Sticky Flame             Conj/Fire      ###.....     58%         4    None
 Statue Form              Tmut/Erth      ######...    65%         6    #####..
 Blade Hands              Tmut           ###.......   82%         5    ###....
 Irradiate                Conj/Tmut      ###.......   86%         5    ###....
 Fireball                 Conj/Fire      ###.......   91%         5    ###....
 Hydra Form               Tmut           ###.......   100%        6    #####..
 Dragon Form              Tmut           ###.......   100%        7    ######.


Dungeon Overview and Level Annotations

Branches:
Dungeon (12/15)            Temple (0/1) D:7            Lair (0/6) D:9
    Orc (0/2) D:9           IceCv (visited)

Shops:
D:5 *   D:9 ?


Innate Abilities, Weirdness & Mutations

You have an increased reservoir of magic. (+10% MP)


Message History

Casting: Sandblast (safe; 1% risk of failure)
Confirm with . or Enter, or press ? or * to list all spells.
Aiming: Stone Arrow (safe; 1% risk of failure)
Press: ? - help, Shift-Dir - straight line, f - two-headed ogre
Aim: a two-headed ogre, wielding two +0 giant clubs The stone arrow hits the two-headed ogre!
The two-headed ogre is moderately wounded.
The two-headed ogre hits you with a +0 giant club!!
* * * LOW HITPOINT WARNING * * *
The two-headed ogre hits you with a +0 giant club.
* * * LOW HITPOINT WARNING * * *
Casting: Stone Arrow (safe; 1% risk of failure)
Confirm with . or Enter, or press ? or * to list all spells.
Aiming: Stone Arrow (safe; 1% risk of failure)
Press: ? - help, Shift-Dir - straight line, f/p - two-headed ogre
Aim: a two-headed ogre, wielding two +0 giant clubs (moderately wounded)
The stone arrow hits the two-headed ogre!
The two-headed ogre is heavily wounded.
The two-headed ogre hits you with a +0 giant club!!
You die...

##..# #.#
##.#### #.#
#....# #.####
####.# #.##..
#.#####.##.#
#....##.##.#
####.##[##.####
#....))....##
####...@[...#
#.....#..O....#
#######.......#
##......#
##....## #...#
#.... #..#


You could see a two-headed ogre.

Vanquished Creatures
  A hydra (D:11)
  2 two-headed ogres (D:9)
  An unseen horror (D:10)
  An obsidian statue (D:10)
  A necromancer (IceCv)
  An ugly thing (D:11)
  Maurice (D:10)
  2 ice statues (IceCv)
  2 centaur skeletons
  9 ice devils (IceCv)
  A tengu conjurer (D:11)
  Grinder (D:3)
  5 trolls
  A queen bee (D:11)
  2 hornets
  6 hippogriffs
  Sigmund (D:4)
  3 yaks (D:11)
  2 wyverns
  Eustachio (D:6)
  3 hungry ghosts
  A vampire mosquito (D:11)
  Menkaure (D:4)
  3 acid dragons (D:8)
  2 black bears
  9 orc warriors
  5 phantoms
  2 ice beasts
  11 ogres
  A necrophage (D:11)
  5 sky beasts
  6 centaurs
  2 crocodiles (D:11)
  2 big kobolds
  6 bullfrogs
  7 scorpions
  6 wights
  53 killer bees
  6 howler monkeys
  2 electric eels (D:8)
  2 bullfrog zombies
  4 crimson imps
  A draconian simulacrum (IceCv)
  8 hounds
  Crazy Yiuf (D:3)
  7 jellies
  4 bullfrog skeletons
  9 orc priests
  4 iguanas
  4 orc wizards
  A spriggan simulacrum (IceCv)
  5 worker ants
  2 troll simulacra (IceCv)
  A killer bee zombie (D:9)
  2 centaur simulacra (IceCv)
  3 hound zombies
  3 hound skeletons
  A howler monkey skeleton (D:4)
  7 gnolls
  9 adders
  2 ogre simulacra (IceCv)
  2 naga simulacra (IceCv)
  A shadow imp (D:5)
  12 white imps (D:11)
  A worm (D:2)
  An adder skeleton (D:4)
  A dart slug (D:2)
  5 leopard geckos
  33 orcs
  2 bats
  5 giant cockroaches
  2 goblins
  12 hobgoblins
  11 jackals
  7 quokkas
  A ball python (D:2)
  7 frilled lizards
  A jackal zombie (D:6)
  5 kobolds
  A leopard gecko skeleton (D:6)
  2 leopard gecko zombies
  2 quokka skeletons
  7 rats
  A spectral orc (D:5)
379 creatures vanquished.

Vanquished Creatures (collateral kills)
  A killer bee (D:11)
  4 orcs
5 creatures vanquished.

Vanquished Creatures (others)
  2 killer bees
  A howler monkey (D:6)
  A hound (D:6)
  A worker ant (D:6)
  3 plants (D:11)
8 creatures vanquished.

Grand Total: 392 creatures vanquished

Notes
Turn   | Place    | Note
-------+----------+-------------------------------------------
     0 | D:1      | Johnny the Demigod Earth Elementalist began the quest for
                  | the Orb.
     0 | D:1      | Reached XP level 1. HP: 14/14 MP: 5/5
   419 | D:1      | Reached XP level 2. HP: 20/20 MP: 5/7
   762 | D:2      | Noticed a bullfrog
   784 | D:2      | Killed a bullfrog
   784 | D:2      | Reached XP level 3. HP: 10/26 MP: 0/10
   837 | D:2      | Reached XP level 4. HP: 18/33 MP: 1/11
   922 | D:2      | Learned a level 3 spell: Stone Arrow
  1668 | D:3      | Reached skill level 1 in Shields
  2065 | D:3      | Found a runed translucent door.
  2066 | D:3      | Noticed Crazy Yiuf
  2066 | D:3      | You fall into a shaft and drop 2 floors!
  2066 | D:5      | Entered Level 5 of the Dungeon
  2072 | D:5      | Reached XP level 5. HP: 30/38 MP: 6/12
  2572 | D:3      | Noticed Grinder
  2574 | D:3      | Paralysed by Grinder for 2 turns
  2597 | D:3      | Killed Grinder
  2597 | D:3      | Reached XP level 6. HP: 15/45 MP: 5/15
  2999 | D:3      | Killed Crazy Yiuf
  3063 | D:4      | Reached skill level 5 in Earth Magic
  3446 | D:4      | Reached XP level 7. HP: 14/50 MP: 10/16
  3660 | D:4      | Noticed Menkaure
  3670 | D:4      | You fall into a shaft and drop 3 floors!
  3678 | D:7      | Noticed a hippogriff
  3939 | D:7      | Noticed a hippogriff
  3944 | D:7      | Killed a hippogriff
  3997 | D:7      | Reached skill level 5 in Spellcasting
  4035 | D:7      | Reached XP level 8. HP: 17/57 MP: 3/19
  4186 | D:7      | Learned a level 5 spell: Lee's Rapid Deconstruction
  4191 | D:7      | Learned a level 4 spell: Petrify
  4290 | D:7      | Killed a hippogriff
  4340 | D:6      | Noticed Eustachio
  4356 | D:5      | Reached skill level 5 in Shields
  4396 | D:5      | Found a hide-covered altar of Uskayaw.
  4466 | D:5      | Found Aruicuq's Assorted Antiques.
  4487 | D:5      | Bought a scroll of identify for 42 gold pieces
  4619 | D:4      | Found a radiant altar of Vehumet.
  4696 | D:4      | Found a shadowy altar of Dithmenos.
  4884 | D:4      | Noticed Sigmund
  4886 | D:4      | Killed Sigmund
  4888 | D:4      | Found a snail-covered altar of Cheibriados.
  4902 | D:4      | Found a white marble altar of Elyvilon.
  4911 | D:4      | Found an iron altar of Okawaru.
  4931 | D:4      | Killed Menkaure
  5395 | D:5      | Found a basalt altar of Yredelemnul.
  5576 | D:6      | Killed Eustachio
  5576 | D:6      | Reached XP level 9. HP: 60/62 MP: 18/22
  5806 | D:6      | Found a shimmering altar of Xom.
  6185 | D:6      | Found a stormy altar of Qazlal.
  6186 | D:6      | Found an ancient bone altar of Kikubaaqudgha.
  7321 | D:7      | Found a staircase to the Ecumenical Temple.
  7834 | D:8      | Found a transporter.
  8175 | D:8      | Found a bloodstained altar of Trog.
  8392 | D:8      | Found a transporter.
  9128 | D:8      | Reached XP level 10. HP: 20/69 MP: 0/25
  9394 | D:9      | Noticed a two-headed ogre
  9396 | D:9      | Noticed a two-headed ogre
  9414 | D:9      | Killed a two-headed ogre
  9645 | D:9      | Killed a two-headed ogre
  9690 | D:9      | Found Cig Dewk's Magic Scroll Boutique.
  9699 | D:9      | Bought a scroll of enchant armour for 82 gold pieces
  9699 | D:9      | Bought a scroll of identify for 22 gold pieces
  9699 | D:9      | Bought a scroll of teleportation for 33 gold pieces
  9740 | D:9      | Found a staircase to the Lair.
 10259 | D:9      | Found a glowing golden altar of the Shining One.
 10315 | D:9      | Found a staircase to the Orcish Mines.
 10327 | D:10     | Entered Level 10 of the Dungeon
 10828 | D:10     | Noticed Maurice
 10849 | D:10     | Reached XP level 11. HP: 74/74 MP: 4/28
 10865 | D:10     | Killed Maurice
 10865 | D:10     | Reached skill level 10 in Earth Magic
 11039 | D:10     | Noticed an obsidian statue
 11041 | D:10     | Killed an obsidian statue
 11581 | D:11     | Found a frozen archway.
 11597 | D:11     | Noticed a four-headed hydra
 11600 | IceCv    | Entered an ice cave
 12787 | IceCv    | Noticed a necromancer
 12788 | IceCv    | Killed a necromancer
 12788 | IceCv    | Reached skill level 10 in Shields
 12990 | IceCv    | Got a pair of twisted boots
 12992 | IceCv    | Got a slimy ring mail
 13055 | IceCv    | Identified the +4 pair of boots "Roevi" {rF+ Slay+3} (You
                  | found it in an ice cave)
 13066 | IceCv    | Identified the +4 ring mail "Uddidat" {rC+ rN+ rCorr} (You
                  | found it in an ice cave)
 13086 | D:11     | Killed a four-headed hydra
 13087 | D:11     | Reached skill level 10 in Spellcasting
 13120 | D:10     | Killed an unseen horror
 13672 | D:11     | Reached XP level 12. HP: 76/81 MP: 25/30
 14720 | D:12     | Found an opulent altar of Gozag.
 14950 | D:12     | Slain by a two-headed ogre

Levels and vault maps discovered:
D:1:      dpeg_arrival_leaves_temple_mockup, layout_basic
D:2:      layout_loops_ring, serial_glass, glass_columns_b, glass_columns_b,
          due_unseen_surprise, hex_medium, minmay_cupped
D:3:      layout_basic, uniq_crazy_yiuf_cottage, uniq_grinder
D:4:      layout_rooms, grunt_dithmenos_shadows,
          minmay_overflow_temple_star_quad, kennysheep_little_box, first_ration,
          uniq_sigmund, uniq_menkaure
D:5:      layout_basic, yredelemnul_forgotten_temple_becter,
          lemuel_doored_altar, serial_shops,
          nicolae_shop_competitors_out_of_business
D:6:      layout_rooms, xom_confusion_cloud, gammafunk_temple_overflow_pools,
          uniq_eustachio
D:7:      layout_loops_corners, minmay_temple_entry_hall, sigmund_army
D:8:      gammafunk_cloud_chamber, layout_loops_corners, basic_altar,
          blue_anna_alchemist [blue_anna_fruit_fields, blue_anna_fruit_fields],
          water_maze_lemuel
D:9:      layout_rooms, nicolae_tso_carved_into_rock, lair_entry_dummy,
          orc_0_dummy, serial_shops, shop, moated_statue,
          corexii_hall_statues_i, minmay_misc_feat_more_columns
D:10:     layout_roguey, minmay_statue_bubble, uniq_maurice
D:11:     regret_index_wax_grids, layout_basic, portal_ice_cave_entry_imps,
          grunt_decor_mini_mirrors
D:12:     layout_rooms, kennysheep_cross_room, serial_bayou_pond_e,
          chequers_serial_rivers_small_3, st_stairs_3,
          nicolae_gozag_seed_capital, uniq_urug

Skill      XL: |  1  2  3  4  5  6  7  8  9 10 11 12 |
---------------+-------------------------------------+-----
Spellcasting   | 2 3 4 5 6 7 8 10 | 10.6
Earth Magic    | 3 4 5 6 7 8 9 11 | 11.6
Shields        | 1 2 3 4 6 7 9 10 11 | 11.0
Dodging        | |  1.7
Stealth        | |  1.7
Transmutations | |  0.8

Action                   |  1- 3 |  4- 6 |  7- 9 | 10-12 || total
-------------------------+-------+-------+-------+-------++-------
Melee: Unarmed           |    15 |       |       |       ||    15
       Trident           |       |    91 |       |       ||    91
       War axe           |       |     5 |   117 |       ||   122
       Dagger            |       |       |    27 |   146 ||   173
       Demon whip        |       |       |       |    70 ||    70
 Cast: Sandblast         |    25 |    57 |    89 |   122 ||   293
       Stone Arrow       |       |     5 |    38 |    63 ||   106
       Lee's Rapid Decon |       |       |    23 |    76 ||    99
Evoke: Wand              |       |     5 |     3 |    26 ||    34
  Use: Scroll            |       |       |    13 |    15 ||    28
       Potion            |       |       |     2 |     6 ||     8
 Stab: Sleeping          |       |     6 |    10 |     6 ||    22
       Distracted        |       |     2 |     1 |     1 ||     4
       Paralysed         |       |       |       |     4 ||     4
  Eat: Chunk             |       |     5 |    16 |    15 ||    36
       Ration            |       |     1 |     2 |     4 ||     7
Armor: Robe              |     7 |    15 |    33 |     1 ||    56
       Acid dragon scale |       |       |       |    91 ||    91
       Ring mail         |       |       |       |    84 ||    84
       Skin              |       |       |       |    15 ||    15
Dodge: Dodged            |    22 |    88 |   134 |   182 ||   426
Block: Buckler           |       |    21 |    74 |   137 ||   232
